 Dungeon Crawl Stone Soup version 0.31-a0-881-ge136f0c47a (webtiles) character file.

Game seed: 9513612782485528525

248 Spaninq the Changeling (level 5, -2/41 HPs)
             Began as a Demonspawn Shapeshifter on Oct 15, 2023.
             Slain by an ufetubus (4 damage)
             ... on level 6 of the Dungeon.
             The game lasted 00:06:40 (2847 turns).

Spaninq the Changeling (Demonspawn Shapeshifter)    Turns: 2847, Time: 00:06:40

Health: -2/41      AC:  2    Str: 16    XL:     5   Next: 86%
Magic:  5/5        EV: 12    Int: 12    God:
Gold:   175        SH:  0    Dex: 12    Spells: 4/4 levels left

rFire   . . .        u - +0 quarterstaff
rCold   . . .        (shield currently unavailable)
rNeg    . . .        a - +0 animal skin
rPois   .            (helmet currently unavailable)
rElec   .            (cloak currently unavailable)
rCorr   .            (gloves currently unavailable)
SInv    .            (boots currently unavailable)
Will    .....        (no amulet)
Stlth   +            (no ring)
HPRegen 0.26/turn    (no ring)
MPRegen 0.09/turn

%: no passive effects
@: beast-form
A: beast (slay +2), demonic touch 1
a: Begin Untransformation


You were on level 6 of the Dungeon.
You were a hulking beast.
You visited 1 branch of the dungeon, and saw 5 of its levels.

You collected 175 gold pieces.

Inventory:

Hand Weapons
 u - a +0 quarterstaff (weapon)
Armour
 a - a +0 animal skin (worn)
 l - a +2 kite shield of protection
 p - a +0 pair of gloves
Talismans
 c - a beast talisman (active)
 d - a flux talisman
 r - a maw talisman
Wands
 t - a wand of flame (17)
Scrolls
 g - a scroll of fog {unknown}
 h - 2 scrolls of enchant armour {unknown}
 i - a scroll of enchant weapon {unknown}
 j - 2 scrolls of poison {unknown}
 k - 3 scrolls of identify {unknown}
 q - a scroll of revelation {unknown}
Potions
 b - a potion of lignification
 f - a potion of brilliance {unknown}
 m - a potion of mutation {unknown}
 n - a potion of berserk rage {unknown}
 o - a potion of might {unknown}


   Skills:
 + Level 3.4 Fighting
 - Level 1.7 Dodging
 - Level 2.6 Unarmed Combat
 * Level 4.8 Shapeshifting


You had 4 spell levels left.
You didn't know any spells.
Your spell library was empty.

Dungeon Overview and Level Annotations

Branches:
Dungeon (6/15)
 Temple: D:4-7

Altars:
Cheibriados
Dithmenos
Yredelemnul

Shops:
D:1 =


Innate Abilities, Weirdness & Mutations

You are a hulking beast.
Your limbs bulge with bestial killing power. (Slay +2)
Your touch may inflict minor irresistible damage on your foes.


Message History

You kill the orc!
The orc hits you with a +0 hand axe.
* * * LOW HITPOINT WARNING * * *
The orc misses you.
You sock the orc!
You kill the orc!
The ufetubus misses you. The ufetubus barely misses you.
The ufetubus closely misses you. x2
Items here: )) [ ††.
You closely miss the ufetubus. The ufetubus closely misses you. x2
The ufetubus slips past you! The ufetubus misses you.
The ufetubus completely misses you. The ufetubus closely misses you. x3
The ufetubus hits you.
* * * LOW HITPOINT WARNING * * *
You barely miss the ufetubus. The ufetubus barely misses you. x2
The ufetubus misses you. The ufetubus barely misses you.
The ufetubus slips past you! The ufetubus hits you.
* * * LOW HITPOINT WARNING * * *
The ufetubus hits you.
* * * LOW HITPOINT WARNING * * *
The ufetubus hits you.
* * * LOW HITPOINT WARNING * * *
The ufetubus closely misses you.
You sock the ufetubus!
You kill the ufetubus!
The ufetubus hits you but does no damage.
The ufetubus closely misses you. The ufetubus barely misses you.
The ufetubus closely misses you.
You thump the ufetubus!
The ufetubus is almost dead.
The ufetubus barely misses you. x2
The ufetubus hits you but does no damage.
The ufetubus hits you.
* * * LOW HITPOINT WARNING * * *
You closely miss the ufetubus.
The ufetubus is almost dead.
The ufetubus hits you.
* * * LOW HITPOINT WARNING * * *
The ufetubus misses you. The ufetubus hits you.
You die...

## #### #..
#))## #...
#5h.###
#....
###...##...#
##.......#.
##...._...
#........
#........
#....8.!_
#........
#.._.....


You could see an ufetubus.

Vanquished Creatures
  A scorpion (D:6)
  A jelly (D:4)
  A hound (D:3)
  3 adders
  An ufetubus (D:6)
  2 worms
  A dart slug (D:2)
  7 orcs
  3 ball pythons
  6 endoplasms
  7 giant cockroaches
  10 goblins
  7 hobgoblins (D:2)
  3 jackals (D:1)
  2 quokkas
  5 bats
  A frilled lizard (D:3)
  9 kobolds
  9 rats
79 creatures vanquished.

Notes
Turn   | Place    | Note
-------+----------+-------------------------------------------
     0 | D:1      | Spaninq the Demonspawn Shapeshifter began the quest for the
                  | Orb.
     0 | D:1      | Reached XP level 1. HP: 15/15 MP: 1/1
     1 | D:1      | Found a runed translucent door.
    51 | D:1      | Reached skill level 3 in Shapeshifting
    51 | D:1      | Gained mutation: Your touch may inflict minor irresistible
                  | damage on your foes. [demonic ancestry]
    51 | D:1      | Reached XP level 2. HP: 18/21 MP: 2/2
   318 | D:1      | Reached XP level 3. HP: 25/27 MP: 3/3
   405 | D:1      | Found Seiti's Jewellery Boutique.
  1265 | D:2      | Reached XP level 4. HP: 33/34 MP: 4/4
  1834 | D:3      | Reached skill level 4 in Shapeshifting
  2581 | D:4      | Reached XP level 5. HP: 36/41 MP: 5/5
  2640 | D:4      | Found a snail-covered altar of Cheibriados.
  2807 | D:4      | You fall into a shaft and drop 2 floors!
  2823 | D:6      | Found a basalt altar of Yredelemnul.
  2824 | D:6      | Found a shadowy altar of Dithmenos.
  2847 | D:6      | HP: 2/41 [ufetubus (1)]
  2847 | D:6      | Slain by an ufetubus

Illustrated notes

Levels and vault maps discovered:
D:1:      dpeg_arrival_caged_fury, layout_loops_ring, serial_shops,
          nicolae_shop_tiny_statue_garden
D:2:      layout_loops_ring, minivault_26, hangedman_glass_teeth
D:3:      layout_loops_corners
D:4:      layout_basic, mainiacjoe_overflow_paths, minmay_misc_feat_hallway,
          st_stairs_14, kennysheep_generic_room_10, uniq_edmund
D:6:      layout_layer_cave, grunt_temple_overflow_open, portal_sewer_entry_d

Skill      XL: |  1  2  3  4 |
---------------+-------------+-----
Shapeshifting  | 3 4 |  4.8
Fighting       | 2 3 |  3.4
Dodging        | |  1.7
Unarmed Combat | |  2.6

Action                     |  1- 3 |  4- 6 || total
---------------------------+-------+-------++-------
  Melee: Mace              |   111 |    50 ||   161
         Touch             |     9 |     7 ||    16
         Punch             |     1 |       ||     1
         Quarterstaff      |       |    28 ||    28
    Use: Potion            |       |     1 ||     1
   Stab: Sleeping          |     1 |     1 ||     2
 Armour: Animal skin       |    57 |    52 ||   109
  Dodge: Dodged            |    94 |    67 ||   161

Table legend: (Time is in decaauts)
 A = Elapsed time spent in this place.
 B = Non-inter-level travel time spent in this place.
 C = Inter-level travel time spent in this place.
 D = Time resting spent in this place.
 E = Time spent auto-exploring this place.
 F = Levels seen in this place.
 G = Mean time per level.
                   A        B        C        D        E       F      G
               +--------+--------+--------+--------+--------+-----+--------+
         Total |   2917 |   2884 |     33 |      0 |   2259 |   5 |  583.4 |
       Dungeon |   2917 |   2884 |     33 |      0 |   2259 |   5 |  583.4 |
               +--------+--------+--------+--------+--------+-----+--------+

Top non-repeatable levels by time:
     D:3: 907 daAuts
     D:2: 878 daAuts
     D:1: 853 daAuts
     D:4: 233 daAuts
     D:6: 44 daAuts
